 Dungeon Crawl Stone Soup version 0.30.1-4-g462c640d31 (webtiles) character file.

Game seed: 654571548177922377

30287 safid the Frost Mage (level 13, -13/108 HPs)
             Began as a Merfolk Ice Elementalist on Aug 31, 2023.
             Was an Elder of Vehumet.
             Mangled by a death yak (19 damage)
             ... on level 4 of the Lair of Beasts.
             The game lasted 00:35:16 (19524 turns).

safid the Frost Mage (Merfolk Ice Elementalist)    Turns: 19524, Time: 00:35:16

Health: -13/108    AC: 23    Str:  9    XL:     13   Next: 50%
Magic:  1/26       EV: 16    Int: 22    God:    Vehumet [****..]
Gold:   476        SH:  0    Dex: 12    Spells: 8/30 levels left

rFire   + + .        m - staff of cold "Kepsuapnuch" {rC+ Will++ Str+2 Int+3 Dex-2}
rCold   + + +        (no shield)
rNeg    . . .        D - +2 robe {rC+ rF+}
rPois   +            q - +1 helmet
rElec   .            I - scarf {rC+ rF+}
rCorr   +            K - +1 pair of gloves of the Bull {Fly rCorr Str-2}
SInv    .            (no boots)
Will    ++...        a - amulet of magic regeneration
Stlth   ++           x - +4 ring of protection
HPRegen 0.38/turn    p - ring of poison resistance
MPRegen 0.60/turn

%: no passive effects
@: ice-armoured, flying, very slightly contaminated, studying Conjurations
A: (nimble swimmer 2), mertail
a: Renounce Religion


You were on level 4 of the Lair of Beasts.
You worshipped Vehumet.
Vehumet was greatly pleased with you.
You visited 3 branches of the dungeon, and saw 17 of its levels.

You collected 1306 gold pieces.
You spent 830 gold pieces at shops.

Inventory:

Armour
 q - a +1 helmet (worn)
 D - a +2 robe of resistance (worn)
 I - a scarf of resistance (worn)
 K - the +1 pair of gloves of the Bull (worn) {Fly rCorr Str-2}
   (You bought it in a shop on level 7 of the Dungeon)

   Str:       It affects your strength (-2).
   Fly:       It grants you flight.
   rCorr:     It protects you from acid and corrosion.
Magical Staves
 m - the staff of cold "Kepsuapnuch" (weapon) {rC+ Will++ Str+2 Int+3 Dex-2}
   (You acquired it on level 11 of the Dungeon)

   [staff of cold]

   Base accuracy: +5 Base damage: 5 Base attack delay: 1.2 This weapon's minimum
   attack delay (0.6) is reached at skill level 12.
   Str:       It affects your strength (+2).
   Int:       It affects your intelligence (+3).
   Dex:       It affects your dexterity (-2).
   rC:        It protects you from cold.
   Will:      It greatly increases your willpower.
   It falls into the 'Staves' category.
   It is a one-handed weapon.
Jewellery
 a - an amulet of magic regeneration (around neck)
 p - a ring of poison resistance (right hand)
 x - a +4 ring of protection (left hand)
 C - a ring of fire
 L - a ring of wizardry
Wands
 g - a wand of digging (10)
 s - a wand of mindburst (14)
 v - a wand of roots (6)
 z - a wand of paralysis (8)
 G - a wand of flame (24)
 H - a wand of acid (9)
Scrolls
 e - 9 scrolls of teleportation
 h - a scroll of silence
 i - 4 scrolls of amnesia
 n - 4 scrolls of magic mapping
 r - 3 scrolls of enchant weapon
 u - 5 scrolls of fog
 B - a scroll of fear (quivered)
 F - a scroll of brand weapon
 M - a scroll of summoning {unknown}
 N - a scroll of torment {unknown}
Potions
 b - 2 potions of magic
 c - 3 potions of ambrosia
 d - 6 potions of heal wounds
 f - 8 potions of curing
 j - 2 potions of mutation
 k - 3 potions of flight
 l - 3 potions of haste
 o - 2 potions of cancellation {unknown}
 t - 2 potions of brilliance
 w - 2 potions of might
 E - 3 potions of berserk rage
 J - 3 potions of lignification


   Skills:
 - Level 12.0 Fighting
 + Level 4.4 Staves
 + Level 10.2 Dodging
 - Level 2.1 Stealth
 - Level 9.0 Spellcasting
 - Level 6.0 Conjurations
 + Level 13.5 Ice Magic
 * Level 7.8 Evocations


You had 8 spell levels left.
You knew the following spells:

 Your Spells              Type           Power      Damage    Failure   Level
a - Freeze                Ice            100%       1d10      1%          1
b - Frozen Ramparts       Ice            100%       1d16      1%          3
c - Ozocubu's Armour      Ice            81%        N/A       1%          3
d - Hailstorm             Conj/Ice       68%        3d14      1%          3
e - Ozocubu's Refrigerat  Ice            40%        4d16      6%          7
f - Freezing Cloud        Conj/Ice/Air   27%        6-21      3%          5

Your spell library contained the following spells:

 Spells                   Type           Power      Damage    Failure   Level
 Flame Wave               Conj/Fire      23%        2d8       5%          4
 Foxfire                  Conj/Fire      92%        2x1d8     1%          1
 Summon Ice Beast         Ice/Summ       56%        N/A       4%          4
 Ignite Poison            Fire/Tmut/Pois 9%         N/A       5%          3
 Apportation              Tloc           18%        N/A       7%          1
 Necrotise                Necr           36%        1d5       7%          1
 Summon Small Mammal      Summ           36%        N/A       7%          1
 Cigotuvi's Dreadful Rot  Necr/Pois/Air  18%        N/A       10%         2
 Metabolic Englaciation   Hex/Ice        28%        N/A       12%         5
 Arcjolt                  Conj/Air       11%        1d21      14%         5
 Fireball                 Conj/Fire      11%        3d7       14%         5
 Vhi's Electric Charge    Tloc/Air       18%        N/A       21%         3
 Petrify                  Tmut/Erth      9%         N/A       54%         4
 Starburst                Conj/Fire      11%        6d5       56%         6
 Alistair's Intoxication  Tmut/Pois      6%         N/A       88%         5
 Plasma Beam              Fire/Air       4%         2x1d16    91%         6
 Statue Form              Tmut/Erth      6%         N/A       100%        6


Dungeon Overview and Level Annotations

Branches:
Dungeon (12/15)            Temple (1/1) D:7            Lair (4/5) D:11
  Swamp (0/4) Lair:2       Spider (0/4) Lair:2          Orc (0/2) D:9
  Slime: Lair:4-5

Altars:
Ashenzari
Cheibriados
Dithmenos
Elyvilon
Fedhas
Gozag
Hepliaklqana
Kikubaaqudgha
Makhleb
Nemelex Xobeh
Okawaru
Qazlal
Ru
Sif Muna
Trog
Uskayaw
Vehumet
Wu Jian
Xom
Yredelemnul
Zin
The Shining One

Shops:
D:4 *=!   D:7 [   D:9 !:=   D:10 *

Annotations:
Lair:4 Rupert


Innate Abilities, Weirdness & Mutations

((You are very nimble when in or above water. (Stealth+, EV+, Speed+++)))
Your lower body shifts to a powerful aquatic tail in water.


Message History

Unknown command.
Casting: Ozocubu's Refrigeration (dangerous; 6% risk of failure)
Confirm with . or Enter, or press ? or * to list all spells.
You feel a surge of power!
You miscast Ozocubu's Refrigeration.
You are very lightly contaminated with residual magic.
Nothing appears to happen.
The death yak misses you.
The death yak gores you but does no damage.
Unknown command.
Casting: Ozocubu's Refrigeration (dangerous; 6% risk of failure)
Confirm with . or Enter, or press ? or * to list all spells.
You feel a surge of power!
The heat is drained from your surroundings.
The death yak is heavily wounded. x2
You hear a bellow!
The death yak gores you!
* * * LOW HITPOINT WARNING * * *
The death yak gores you!
* * * LOW HITPOINT WARNING * * *
The death yak barely misses you. The death yak closely misses you.
Unknown command.
Casting: Ozocubu's Refrigeration (dangerous; 6% risk of failure)
Confirm with . or Enter, or press ? or * to list all spells.
You feel a surge of power!
The heat is drained from your surroundings.
The death yak is severely wounded. x2
The death yak gores you!
* * * LOW HITPOINT WARNING * * *
The death yak misses you.
The death yak gores you but does no damage.
The death yak completely misses you.
Unknown command.
Unknown command.
Casting: Ozocubu's Refrigeration (dangerous; 6% risk of failure)
Confirm with . or Enter, or press ? or * to list all spells.
You feel a surge of power!
The heat is drained from your surroundings.
The death yak is severely wounded.
The death yak is almost dead.
The death yak gores you!!
You die...

... .#.. ... ..... ...
#. ..... ... #. ......
... ##.. .... ... #...#
#.. #.. #....##+Y## .
##### #..#..@Y.#
...#.... ##..#.....##..
...P...# #....#.........
........
##.........#.....).(...#
#...#............##...#
##..###...#.......P##P##
#...#.....#........#####
##......................
#.......................


You could see 2 death yaks.

Vanquished Creatures
  A two-headed ogre (D:11)
  A hydra (Lair:4)
  3 death yaks
  Nergalle (Lair:3)
  A skyshark (Lair:2)
  Lodul (D:11)
  Amaemon (D:8)
  Pikel (D:8)
  An orc knight (D:10)
  2 orc sorcerers (D:10)
  2 cyclopes (D:11)
  A manticore (D:11)
  7 black mambas
  6 cane toads
  5 torpor snails
  An orange demon (D:8)
  A rime drake (Lair:3)
  Psyche (D:8)
  2 komodo dragons (Lair:3)
  A troll (D:9)
  A tyrant leech (Lair:2)
  2 polar bears
  8 blink frogs (Lair:3)
  5 jumping spiders (Lair:2)
  A wraith (D:11)
  3 culicivoras (Lair:2)
  A shadow (D:11)
  23 yaks
  Grum (D:8)
  3 wyverns
  A redback (Lair:2)
  A basilisk (Lair:1)
  A steam dragon (D:7)
  A warg (D:10)
  11 water moccasins
  Duvessa (D:5)
  3 black bears
  3 ice beasts (D:7)
  Pargi (D:3)
  A sky beast (D:7)
  10 orc warriors
  8 ogres (D:11)
  2 wolves (D:8)
  7 centaurs
  2 phantoms (D:5)
  4 lemures (D:8)
  A kobold brigand (D:8)
  7 bullfrogs
  3 scorpions
  12 wights
  Dowan (D:5)
  6 killer bees (D:8)
  3 howler monkeys
  3 jellies
  2 hounds (D:5)
  10 orc priests
  2 sleepcaps
  Terence (D:2)
  Jessica (D:2)
  4 iguanas
  13 orc wizards
  5 hell rats (Lair:2)
  Robin (D:2)
  6 adders
  A shadow imp (D:6)
  2 worms
  3 dart slugs (D:1)
  83 orcs
  4 ball pythons
  5 bats
  3 endoplasms
  5 giant cockroaches
  13 goblins
  10 hobgoblins
  15 kobolds
  3 quokkas
  3 frilled lizards
  4 rats
380 creatures vanquished.

Notes
Turn   | Place    | Note
-------+----------+-------------------------------------------
     0 | D:1      | safid the Merfolk Ice Elementalist began the quest for the
                  | Orb.
     0 | D:1      | Reached XP level 1. HP: 13/13 MP: 3/3
   141 | D:1      | Reached XP level 2. HP: 8/20 MP: 3/5
   260 | D:1      | Reached skill level 1 in Fighting
   274 | D:1      | Found a faded altar of an unknown god.
   809 | D:1      | Reached XP level 3. HP: 23/26 MP: 6/6
  1213 | D:2      | Learned a level 3 spell: Frozen Ramparts
  1278 | D:2      | Noticed Robin
  1301 | D:2      | Killed Robin
  1302 | D:2      | Reached skill level 5 in Ice Magic
  1302 | D:2      | Reached XP level 4. HP: 30/33 MP: 1/8
  1423 | D:2      | Noticed Terence
  1447 | D:2      | Killed Terence
  1770 | D:2      | Reached XP level 5. HP: 20/39 MP: 9/9
  1986 | D:2      | Noticed Jessica
  1991 | D:2      | Killed Jessica
  2065 | D:2      | Learned a level 3 spell: Ozocubu's Armour
  2557 | D:3      | Found a shimmering altar of Xom.
  2565 | D:3      | Found a shimmering altar of Xom.
  2565 | D:3      | Found a shimmering altar of Xom.
  2566 | D:3      | Found a shimmering altar of Xom.
  2566 | D:3      | Found a shimmering altar of Xom.
  2796 | D:3      | You are sucked into a shaft and drop 1 floor!
  2943 | D:3      | Noticed Pargi
  2949 | D:3      | Killed Pargi
  2950 | D:3      | Reached XP level 6. HP: 26/47 MP: 3/11
  3401 | D:4      | Identified the +1 dagger of Calamity {venom, Str+3 Stlth+}
  3581 | D:4      | Reached skill level 6 in Ice Magic
  3755 | D:4      | Found a bloodstained altar of Trog.
  3891 | D:4      | Found Estidoym's Distillery.
  3900 | D:4      | Bought a potion of curing for 30 gold pieces
  3900 | D:4      | Bought a potion of degeneration for 10 gold pieces
  3900 | D:4      | Bought 2 potions of heal wounds for 100 gold pieces
  3900 | D:4      | Bought a potion of haste for 100 gold pieces
  3947 | D:4      | Found Cuobb's General Store.
  3976 | D:4      | Found Urauqacs's Jewellery Shoppe.
  4323 | D:5      | Entered Level 5 of the Dungeon
  4338 | D:5      | Reached XP level 7. HP: 52/55 MP: 10/13
  4427 | D:5      | Found an ornate altar of the Wu Jian Council.
  4925 | D:5      | Noticed Dowan
  4927 | D:5      | Noticed Duvessa
  4932 | D:5      | Killed Dowan
  4933 | D:5      | Reached skill level 5 in Fighting
  4941 | D:5      | Killed Duvessa
  4942 | D:5      | Reached skill level 7 in Ice Magic
  5124 | D:5      | Reached skill level 5 in Spellcasting
  5124 | D:5      | Reached XP level 8. HP: 53/59 MP: 8/15
  5215 | D:5      | Found a glowing silver altar of Zin.
  5924 | D:6      | Reached skill level 8 in Ice Magic
  6397 | D:7      | Found Kuorchuvi's Antique Armour Shop.
  6476 | D:7      | Reached XP level 9. HP: 48/65 MP: 14/18
  7061 | D:7      | Found a staircase to the Ecumenical Temple.
  7087 | Temple   | Entered the Ecumenical Temple
  7716 | D:7      | Reached skill level 9 in Ice Magic
  8606 | D:8      | Found a broken altar of Ashenzari.
  8623 | D:8      | Found a sparkling altar of Nemelex Xobeh.
  8679 | D:8      | Reached XP level 10. HP: 49/82 MP: 21/21
  9036 | D:8      | Noticed Pikel
  9050 | D:8      | Killed Pikel
  9051 | D:8      | Reached skill level 10 in Ice Magic
  9135 | D:8      | Noticed Grum
  9146 | D:8      | Killed Grum
  9298 | D:8      | Found a radiant altar of Vehumet.
  9304 | D:8      | Became a worshipper of Vehumet
  9369 | D:8      | Noticed Amaemon
  9369 | D:8      | Noticed an orange demon
  9384 | D:8      | Killed Amaemon
  9393 | D:8      | Killed an orange demon
  9763 | D:8      | Noticed Psyche
  9770 | D:8      | Killed Psyche
 10229 | D:7      | Bought a pair of masterwork gloves for 266 gold pieces
 10229 | D:7      | Identified the +1 pair of gloves of the Bull {Fly rCorr
                  | Str-2} (You bought it in a shop on level 7 of the Dungeon)
 10331 | D:9      | Reached skill level 10 in Fighting
 10331 | D:9      | Reached skill level 11 in Ice Magic
 10454 | D:9      | Found Otei's Distillery.
 10526 | D:9      | Bought a potion of lignification for 36 gold pieces
 10635 | D:9      | Reached XP level 11. HP: 85/91 MP: 23/23
 10762 | D:9      | Found Qoajidgha's Jewellery Shop.
 11121 | D:9      | Reached * piety under Vehumet
 11121 | D:9      | Offered knowledge of Kiss of Death by Vehumet.
 11277 | D:9      | Found Qiuphou's Book Shoppe.
 11389 | D:9      | Found a white marble altar of Elyvilon.
 11680 | D:9      | Found a staircase to the Orcish Mines.
 11719 | D:10     | Entered Level 10 of the Dungeon
 11974 | D:10     | Reached skill level 5 in Dodging
 12004 | D:10     | Noticed an orc knight
 12025 | D:10     | Noticed an orc sorcerer
 12036 | D:10     | Noticed an orc sorcerer
 12037 | D:10     | Killed an orc sorcerer
 12044 | D:10     | Noticed a sixfirhy
 12048 | D:10     | Killed an orc sorcerer
 12049 | D:10     | Killed an orc knight
 12619 | D:10     | Reached skill level 12 in Ice Magic
 12635 | D:10     | Found Aivvudd's Alliterative Accessories.
 13059 | D:11     | Noticed a two-headed ogre
 13066 | D:11     | Killed a two-headed ogre
 13089 | D:11     | Reached ** piety under Vehumet
 13089 | D:11     | Offered knowledge of Poisonous Vapours by Vehumet.
 13192 | D:11     | Learned a level 5 spell: Freezing Cloud
 13206 | D:11     | Identified a scroll of acquirement
 13207 | D:11     | Acquired the staff of cold "Kepsuapnuch" {rC+ Will++ Str+2
                  | Int+3 Dex-2}
 13220 | D:11     | Noticed a cyclops
 13230 | D:11     | Killed a cyclops
 13363 | D:11     | Noticed a manticore
 13364 | D:11     | Noticed Lodul
 13374 | D:11     | Reached skill level 1 in Conjurations
 13381 | D:11     | Reached skill level 1 in Evocations
 13382 | D:11     | Killed Lodul
 13382 | D:11     | Offered knowledge of Mephitic Cloud by Vehumet.
 13383 | D:11     | Reached skill level 1 in Staves
 13385 | D:11     | Killed a manticore
 13520 | D:11     | Learned a level 3 spell: Hailstorm
 13589 | D:9      | Bought Ozocubu's Autobiography for 288 gold pieces
 13597 | D:9      | Learned a level 7 spell: Ozocubu's Refrigeration
 13772 | D:11     | Noticed a cyclops
 13773 | D:11     | Found a staircase to the Lair.
 13783 | D:11     | Reached XP level 12. HP: 95/100 MP: 23/25
 13895 | D:11     | Reached *** piety under Vehumet
 14567 | Lair:1   | Entered Level 1 of the Lair of Beasts
 14698 | Lair:1   | Noticed a death yak
 14836 | Lair:1   | Killed a death yak
 15341 | Lair:1   | Identified the +7 whip "Fecacon" {flame, Drain rN+ Str+4}
 16015 | Lair:2   | Noticed a skyshark
 16044 | Lair:2   | Killed a skyshark
 16634 | Lair:2   | Offered knowledge of Olgreb's Toxic Radiance by Vehumet.
 16703 | Lair:2   | Found a hole to the Spider Nest.
 16712 | Lair:2   | Reached skill level 5 in Evocations
 17017 | Lair:2   | Found a staircase to the Swamp.
 17085 | Lair:2   | Reached skill level 13 in Ice Magic
 17588 | Lair:3   | Reached **** piety under Vehumet
 17589 | Lair:3   | Reached skill level 5 in Conjurations
 17591 | Lair:3   | Reached XP level 13. HP: 77/108 MP: 18/26
 17841 | Lair:3   | Noticed Nergalle
 17846 | Lair:3   | Killed Nergalle
 18363 | Lair:3   | Found a snail-covered altar of Cheibriados.
 18426 | Lair:3   | Offered knowledge of Flame Wave by Vehumet.
 18742 | Lair:4   | Noticed Rupert
 18792 | Lair:4   | Reached skill level 10 in Dodging
 19030 | Lair:4   | HP: 5/108 [Rupert/+2 great mace of protection (18)]
 19522 | Lair:4   | HP: 5/108 [death yak (9)]
 19524 | Lair:4   | Mangled by a death yak

Illustrated notes

Levels and vault maps discovered:
D:1:      dpeg_arrival_refuge, layout_basic,
          shapermc_ecumenical_altar_mp_highgroup
D:2:      layout_basic, uniq_jessica, uniq_terence, uniq_robin
D:3:      layout_basic, xom_redecorated, serial_bayou_pond_a, uniq_pargi
D:4:      layout_basic, mainiacjoe_overflow_paths, serial_shops, shop,
          nicolae_shop_statue_plus, kennysheep_mini_moat
D:5:      layout_basic, nicolae_overflow_crystal_walls,
          mainiacjoe_overflow_tiny_flanked, uniq_duvessa
D:6:      layout_rooms, minmay_manual_mares
D:7:      layout_layer_cave, minmay_temple_entry_waves, serial_shops,
          nicolae_inconvenience_store, serial_bayou_pond_d, grunt_potential
D:8:      layout_gridville, lemuel_round_altar, amcnicky_altar_gilded,
          ashenzari_altar_1, minmay_misc_feat_hallway,
          minmay_misc_feat_nine_boxes, uniq_pikel, uniq_grum, uniq_amaemon,
          uniq_psyche
D:9:      layout_irregular_city, mainiacjoe_overflow_alcove_4,
          hiddenorc1_lemuel, serial_shops, nicolae_shop_hallway_stairs,
          nicolae_shop_tiny_real_fake_doors, shop
D:10:     layout_stronghold, nicolae_alphabet_shops,
          nicolae_elevator_lobby_asterisk
D:11:     layout_roguey [special_room_orc], grunt_lair_entry_orc_guard_hut,
          kennysheep_generic_room_6, uniq_lodul
D:12:     layout_rooms, gammafunk_ghost_icy, serial_shops,
          nicolae_shop_hallway_stairs, nrook_guardian_serpent_ordinary
Temple:   compressed_dpeg_circular_temple
Lair:1:   layout_long_grid
Lair:2:   layout_regular_city, minmay_swamp_entry_worms,
          nicolae_spider_entry_tight_spaces, minivault_11, serial_bayou_shore_b
Lair:3:   layout_cave_shapes, kennysheep_snail_temple,
          infiniplex_staircase_pool_2, uniq_nergalle
Lair:4:   layout_regular_city, uniq_rupert

Skill      XL: |  1  2  3  4  5  6  7  8  9 10 11 12 13 |
---------------+----------------------------------------+-----
Fighting       | 1 2 3 4 5 6 8 10 11 12 | 12.0
Ice Magic      | 5 6 7 8 9 11 12 13 | 13.5
Spellcasting   | 3 4 5 6 7 8 9 |  9.0
Dodging        | 3 7 9 10 | 10.2
Conjurations   | 2 5 6 |  6.0
Evocations     | 2 6 7 |  7.8
Staves         | 1 3 4 |  4.4
Stealth        | |  2.1

Action                     |  1- 3 |  4- 6 |  7- 9 | 10-12 | 13-15 || total
---------------------------+-------+-------+-------+-------+-------++-------
  Melee: Dagger            |    65 |    31 |       |    11 |       ||   107
         Unarmed           |    10 |       |       |       |       ||    10
         Punch             |     1 |       |     9 |     4 |       ||    14
         Short sword       |       |    81 |   406 |    23 |       ||   510
         Demon whip        |       |       |       |   149 |       ||   149
         Staff             |       |       |       |   221 |    70 ||   291
   Cast: Freeze            |    25 |    28 |     8 |    12 |     5 ||    78
         Frozen Ramparts   |     2 |     6 |    29 |    61 |    12 ||   110
         Ozocubu's Armour  |       |     1 |    24 |    51 |    13 ||    89
         Freezing Cloud    |       |       |       |     1 |       ||     1
         Ozocubu's Refrige |       |       |       |    15 |    22 ||    37
  Evoke: Wand              |       |       |       |     3 |       ||     3
    Use: Potion            |       |     1 |     1 |     1 |     2 ||     5
         Scroll            |       |       |     8 |    15 |     2 ||    25
   Stab: Sleeping          |     4 |     5 |     1 |       |       ||    10
         Distracted        |       |     1 |       |       |       ||     1
 Armour: Robe              |    14 |    38 |   233 |   168 |    59 ||   512
  Dodge: Dodged            |    57 |    63 |   291 |   314 |    88 ||   813
